 Dungeon Crawl Stone Soup version 0.26.0-16-gc1dbca0489 (webtiles) character file.

Game seed: 5868201901470845642

3521 trckry the Covered (level 10, -5/83 HPs)
             Began as a Ghoul Hunter on Jan 21, 2021.
             Was a Follower of Makhleb.
             Killed from afar by Maggie (7 damage)
             ... with a bolt of fire
             ... on level 7 of the Dungeon.
             The game lasted 00:22:49 (9586 turns).

trckry the Covered (Ghoul Hunter)                   Turns: 9586, Time: 00:22:49

Health: -5/83      AC: 15    Str: 20    XL:     10   Next: 8%
Magic:  12/12      EV:  9    Int:  6    God:    Makhleb [*.....]
Gold:   358        SH:  9    Dex:  9    Spells: 9/9 levels left

rFire    . . .     SeeInvis .   a - +2 morningstar (protect)
rCold    + . .     Faith    .   e - +0 kite shield
rNeg     + + +     Spirit   .   j - +0 scale mail
rPois    ∞         Reflect  .   (no helmet)
rElec    .         Harm     .   (no cloak)
rCorr    .         Rampage  .   s - +0 pair of gloves
Will     .....                  (no boots)
Stlth    ..........             (no amulet)
HPRegen  0.00/turn              (no ring)
MPRegen  0.13/turn              (no ring)

@: protection aura, studying Armour
A: claws 1, cold resistance 1, negative energy resistance 3, inhibited
regeneration, torment resistance, unbreathing
a: Renounce Religion


You were on level 7 of the Dungeon.
You worshipped Makhleb.
Makhleb was aware of your devotion.
You visited 2 branches of the dungeon, and saw 8 of its levels.
You also visited: Sewer.

You collected 424 gold pieces.
You spent 66 gold pieces at shops.

Inventory:

Hand Weapons
 a - a +2 morningstar of protection (weapon)
 b - a +1 spear of venom
 y - a +1 whip of electrocution
Missiles
 c - 6 javelins
 d - 2 throwing nets (quivered)
 m - 47 poisoned darts
Armour
 e - a +0 kite shield (worn)
 j - a +0 scale mail (worn)
 s - a +0 pair of gloves (worn)
Wands
 k - a wand of polymorph (8)
 w - a wand of iceblast (13)
Scrolls
 f - 5 scrolls of teleportation
 g - 7 scrolls of identify
 n - a scroll of immolation
 t - a scroll of blinking
 x - 2 scrolls of amnesia {unknown}
 C - a scroll of fear {unknown}
 D - a scroll of vulnerability {unknown}
 F - 3 scrolls of enchant armour {unknown}
Potions
 h - 3 potions of heal wounds {unknown}
 o - a potion of ambrosia {unknown}
 p - 3 potions of attraction
 v - 7 potions of flight
 z - 2 potions of brilliance
 A - 3 potions of curing
 B - a potion of might {unknown}
Books
 i - a manual of Armour


   Skills:
 + Level 5.7 Fighting
 + Level 4.3 Maces & Flails
 + Level 5.7 Throwing
 + Level 6.0 Armour
 + Level 4.8 Dodging
 - Level 1.1 Stealth
 + Level 4.3 Shields
 + Level 5.2 Invocations
 + Level 4.2 Evocations


You had 9 spell levels left.
You didn't know any spells.
Your spell library contained the following spells:

 Spells                   Type           Power        Failure   Level
 Corona                   Hex            0%           99%         1
 Ensorcelled Hibernation  Hex/Ice        0%           100%        2
 Slow                     Hex            0%           100%        2
 Confusing Touch          Hex            0%           100%        3
 Dazzling Flash           Conj/Hex       0%           100%        3
 Inner Flame              Hex/Fire       0%           100%        3
 Portal Projectile        Hex/Tloc       0%           100%        3
 Tukima's Dance           Hex            0%           100%        3
 Cause Fear               Hex            0%           100%        4
 Leda's Liquefaction      Hex/Erth       0%           100%        4


Dungeon Overview and Level Annotations

Branches:
Dungeon (7/15)             Temple (1/1) D:6           Sewer (visited)

Altars:
Cheibriados
Dithmenos
Fedhas
Makhleb
Nemelex Xobeh
Okawaru
Qazlal
Ru
Sif Muna
Trog
Uskayaw
Xom
Zin
The Shining One

Shops:
D:5 ([(?*   D:6 :

Annotations:
D:7 Maggie


Innate Abilities, Weirdness & Mutations

You thrive by killing the living.
You are immune to poison.
You have sharp fingernails.
Your flesh is cold resistant. (rC+)
You are immune to negative energy. (rN+++)
You do not regenerate when monsters are visible.
You are immune to unholy pain and torment.
You can survive without breathing.


Message History

Okay, then.
Throw: 3 throwing nets
Press: ? - help, Q - select action, (/) - cycle Shift-Dir - straight line, f - Maggie
Aim: Maggie, wielding a +0 long sword and wearing +0 steam dragon scales (moderately wounded, mesmerising)
You throw a throwing net. The throwing net hits Maggie.
Maggie is caught in the net!
Maggie is moderately wounded.
Maggie struggles against the net.
You hit Maggie but do no damage.
Maggie is moderately wounded.
The phantom blinks!
Maggie struggles against the net.
You sock Maggie!
Maggie is moderately wounded.
You break out of your daze.
Maggie struggles against the net.
You completely miss Maggie.
Maggie is moderately wounded.
Maggie gestures at you while chanting. The bolt of fire hits you!
You die...

### # ##..#
##.### #..$#
......####..#
............###
........@..##.#
#......##@.##.###
...###. ##.W....#
. #. ##....## #.
##..#### ..
#...#.# ..
##....## ## ..
##....# ####.#
#....## ......
#..#.# ###


You could see Maggie (caught) and a phantom.

Vanquished Creatures
  Harold (D:7)
  Pikel (D:5)
  The ghost of kaeus the Skirmisher, a novice DsFi of Ashenzari (D:6)
  Grinder (D:5)
  An ice beast (D:5)
  2 ogres (D:4)
  A necrophage (D:6)
  4 centaurs
  A big kobold (Sewer)
  4 bullfrogs
  A wight (D:6)
  2 orc wizards (D:4)
  2 orc priests
  2 hounds (D:6)
  6 worker ants
  A hound skeleton (D:4)
  3 gnolls (D:4)
  7 adders
  9 river rats (Sewer)
  A shadow imp (D:7)
  2 white imps
  5 oozes
  3 adder skeletons
  A worm (D:2)
  The ghost of kaeus the Sneak, a weakling KoDe (D:5)
  2 dart slugs
  A leopard gecko (D:7)
  18 orcs
  4 ball pythons (Sewer)
  11 bats
  5 giant cockroaches
  9 goblins
  4 hobgoblins
  7 jackals
  2 quokkas (D:2)
  A frilled lizard (D:1)
  A jackal skeleton (D:7)
  21 kobolds
  A quokka skeleton (D:4)
  22 rats
172 creatures vanquished.

Vanquished Creatures (others)
  An orc warrior (D:6)
  2 leopard geckos (D:6)
  2 giant cockroaches (D:6)
  2 withered plants (D:6)
7 creatures vanquished.

Grand Total: 179 creatures vanquished

Notes
Turn   | Place    | Note
-------+----------+-------------------------------------------
     0 | D:1      | trckry the Ghoul Hunter began the quest for the Orb.
     0 | D:1      | Reached XP level 1. HP: 17/17 MP: 0/0
   415 | D:1      | Reached XP level 2. HP: 6/25 MP: 1/1
  1047 | D:1      | Reached XP level 3. HP: 28/30 MP: 2/2
  1851 | D:2      | Reached skill level 1 in Maces & Flails
  2383 | D:3      | Reached skill level 1 in Invocations
  2426 | D:3      | Reached XP level 4. HP: 32/37 MP: 3/3
  3203 | D:4      | Reached skill level 1 in Armour
  3210 | D:4      | Reached skill level 1 in Evocations
  3293 | D:4      | Noticed an ogre
  3323 | D:4      | Killed an ogre
  3324 | D:4      | Reached skill level 1 in Shields
  3324 | D:4      | Reached XP level 5. HP: 11/44 MP: 5/5
  3985 | D:4      | Reached XP level 6. HP: 42/51 MP: 6/6
  4323 | D:4      | Reached skill level 2 in Armour
  4748 | D:4      | Reached XP level 7. HP: 56/57 MP: 7/7
  4763 | D:5      | Entered Level 5 of the Dungeon
  4763 | D:5      | Found Wurudel's Antique Armour Boutique.
  4764 | D:5      | Found Dalyes's Antique Weapon Boutique.
  4829 | D:5      | Found Otsyosme's Antique Weapon Shoppe.
  4968 | D:5      | Found Seull's Magic Scroll Emporium.
  4977 | D:5      | Bought a scroll of identify for 22 gold pieces
  4977 | D:5      | Bought a scroll of teleportation for 33 gold pieces
  4977 | D:5      | Bought a scroll of noise for 11 gold pieces
  5214 | D:5      | Found Etecisehe's Assorted Antiques.
  5232 | D:5      | HP: 1/57 [centaur (8)]
  5623 | D:5      | Found a runed translucent door.
  5626 | D:5      | Noticed kaeus's ghost (weakling KoDe)
  5793 | D:5      | Noticed Pikel
  5799 | D:5      | Noticed Grinder
  5827 | D:5      | HP: 3/58 [Pikel/+1 whip of freezing (7)]
  5830 | D:5      | Killed Pikel
  5830 | D:5      | Killed Grinder
  5831 | D:5      | Reached skill level 3 in Armour
  5831 | D:5      | Reached XP level 8. HP: 3/67 MP: 9/9
  6355 | D:5      | Reached skill level 4 in Armour
  6517 | D:5      | Reached skill level 5 in Throwing
  6524 | D:5      | Killed kaeus's ghost
  6637 | D:6      | Found a staircase to the Ecumenical Temple.
  6653 | Temple   | Entered the Ecumenical Temple
  6682 | Temple   | Became a worshipper of Makhleb the Destroyer
  6717 | D:6      | Found a glowing drain.
  6754 | Sewer    | Entered a sewer
  6872 | Sewer    | Reached XP level 9. HP: 63/72 MP: 11/11
  7038 | Sewer    | Reached * piety under Makhleb
  7560 | D:6      | Found Ubatasup's Book Boutique.
  7751 | D:6      | Found a shimmering altar of Xom.
  7863 | D:6      | Found a runed translucent door.
  7863 | D:6      | Noticed kaeus's ghost (novice DsFi)
  7938 | D:6      | Reached skill level 5 in Fighting
  8679 | D:6      | Killed kaeus's ghost
  8680 | D:6      | Reached skill level 5 in Armour
  8980 | D:7      | Noticed Harold
  9471 | D:7      | Killed Harold
  9472 | D:7      | Reached skill level 6 in Armour
  9472 | D:7      | Reached skill level 5 in Invocations
  9472 | D:7      | Reached XP level 10. HP: 76/83 MP: 12/12
  9572 | D:7      | Noticed Maggie
  9582 | D:7      | HP: 2/83 [Maggie/bolt of fire (21)]
  9586 | D:7      | Killed from afar by Maggie

Illustrated notes

Levels and vault maps discovered:
D:1:      lightli_arrival_noodles, layout_loops_ring, minivault_26
D:2:      layout_basic
D:3:      layout_loops_corners
D:4:      layout_gridville
D:5:      layout_gridville, serial_shops, shop, nicolae_shop_waterfront, shop,
          shop, nicolae_shop_statue_plus, ebering_ghost_sewer_d,
          minmay_manual_mares, uniq_pikel, uniq_grinder
D:6:      layout_loops_corners, minmay_temple_entry_offerings,
          gup_sewer_entry_glass, serial_shops, shop_fountains,
          gammafunk_ghost_grave, st_stairs_14, xom_confusion_cloud
D:7:      layout_cave_pools, yredelemnul_forgotten_temple_becter, uniq_harold,
          uniq_maggie
Temple:   nicolae_temple_the_god_donut

Skill      XL: |  1  2  3  4  5  6  7  8  9 |
---------------+----------------------------+-----
Dodging        | 2 3 4 |  4.8
Maces & Flails | 1 2 3 4 |  4.3
Invocations    | 1 2 3 4 5 |  5.2
Armour         | 1 2 3 4 6 |  6.0
Evocations     | 1 2 3 4 |  4.2
Shields        | 1 3 4 |  4.3
Fighting       | 3 4 5 |  5.7
Throwing       | 4 5 |  5.7
Stealth        | |  1.1

Action                   |  1- 3 |  4- 6 |  7- 9 | 10-12 || total
-------------------------+-------+-------+-------+-------++-------
Melee: Unarmed           |   117 |       |       |       ||   117
       Short sword       |     7 |       |       |       ||     7
       Spear             |    41 |   120 |    68 |       ||   229
       Morningstar       |       |       |   391 |    27 ||   418
Throw: Javelin           |    17 |     9 |       |       ||    26
       Dart              |       |     2 |       |       ||     2
       Throwing net      |       |       |     2 |     1 ||     3
Evoke: Wand              |       |       |     5 |       ||     5
  Use: Potion            |       |       |     8 |       ||     8
       Scroll            |       |       |     6 |       ||     6
Armor: Leather armour    |    17 |       |       |       ||    17
       Scale mail        |    41 |    34 |   330 |     8 ||   413
Dodge: Dodged            |   110 |    53 |   388 |     6 ||   557
Block: Kite shield       |       |       |       |    10 ||    10
